 Dungeon Sprint DCSS version 0.31-a0-18-gea43df2a32 (webtiles) character file.

Game seed: 13976928526451787551

8910 Conn the Eclecticist (level 11, -6/50 HPs)
             Began as an Octopode Fire Elementalist on May 10, 2023.
             Was a High Priest of Sif Muna.
             Mangled by a demonic crawler (10 damage)
             ... in the Dungeon (Sprint I: "Red Sonja").
             The game lasted 00:32:15 (3217 turns).

Conn the Eclecticist (Octopode Fire Elementalist)   Turns: 3217, Time: 00:32:16

Health: -6/50      AC:  9    Str:  7    XL:     11   Next: 38%
Magic:  2/30       EV: 12    Int: 22    God:    Sif Muna [*****.]
Gold:   209        SH: 19    Dex: 13    Spells: 8/41 levels left

rFire   + . .        s - +6 spear "Fauck" {freeze, rN++}
rCold   . . .        p - +5 Storm Queen's Shield {shock, Fly rElec}
rNeg    + + .        u - +1 hat
rPois   +            t - amulet of reflection
rElec   +            (no ring)
rCorr   +            (no ring)
SInv    .            (no ring)
Will    .....        (no ring)
Stlth   +++++        (no ring)
HPRegen 0.28/turn    (no ring)
MPRegen 0.22/turn    (no ring)
                     (no ring)

%: no teleportation, reflection
@: ice-armoured, resistant (expiring), stuck, flying, slightly contaminated,
hasted, unable to drink, very quick
A: almost no armour, amphibious, 8 rings, camouflage 1, gelatinous body 1,
(nimble swimmer 1), tentacles, frail 2, cold vulnerability 1, subdued magic 1,
inability to drink after injury 1
a: Renounce Religion, Channel Magic, Forget Spell, Divine Exegesis


You were in the Dungeon.
You worshipped Sif Muna.
Sif Muna was extremely pleased with you.
You visited 1 branch You collected 1214 gold pieces.
You spent 1005 gold pieces at shops.

Inventory:

Hand Weapons
 h - a +0 dagger
 i - a +2 scythe of venom
 k - the +6 dagger of the Divine God {antimagic, rC++ Int-3}
   (You bought it in a shop in the Dungeon)

   Int:       It affects your intelligence (-3).
   rC:        It greatly protects you from cold.
 l - a +2 dagger of distortion
 q - the +3 morningstar of Sloth {freeze, Fly Will+ Stlth-}
   (You bought it in a shop in the Dungeon)

   Fly:       It grants you flight.
   Will:      It increases your willpower.
   Stlth:     It makes you less stealthy.
 s - the +6 spear "Fauck" (weapon) {freeze, rN++}
   (You bought it in a shop in the Dungeon)

   rN:        It greatly protects you from negative energy.
Missiles
 m - 3 curare-tipped darts (quivered)
 n - 2 poisoned darts
Armour
 p - the +5 Storm Queen's Shield (worn) {shock, Fly rElec}
   (You found it in the Dungeon)

   Shock:     When it blocks an attack, it may electrocute the attacker.
   This works even against foes who are a short distance away.
   rElec:     It insulates you from electricity.
   Fly:       It grants you flight.
 r - a +0 buckler
 u - a +1 hat (worn)
Jewellery
 t - an amulet of reflection (around mantle)
Wands
 e - a wand of paralysis (7)
 o - a wand of flame (26)
Scrolls
 f - a scroll of blinking
Potions
 a - 3 potions of magic
 b - 3 potions of curing
 c - a potion of heal wounds
 j - a potion of flight
Miscellaneous
 g - a phial of floods


   Skills:
 + Level 1.6 Fighting
 + Level 3.4 Short Blades
 + Level 2.0 Throwing
 + Level 5.4 Dodging
 + Level 8.8 Stealth
 * Level 4.7 Shields
 + Level 15.8 Spellcasting
 * Level 10.5 Conjurations
 + Level 3.1 Hexes
 + Level 14.5 Fire Magic
 + Level 3.3 Ice Magic
 + Level 3.9 Air Magic
 - Level 2.4 Poison Magic
 * Level 2.9 Invocations
 + Level 2.4 Evocations


You had 8 spell levels left.
You knew the following spells:

 Your Spells              Type           Power      Damage    Failure   Level
a - Foxfire               Conj/Fire      100%       2x1d9     1%          1
b - Scorch                Fire           100%       2d9       1%          2
c - Inner Flame           Hex/Fire       43%        N/A       1%          3
d - Flame Wave            Conj/Fire      54%        2d13      1%          4
e - Fireball              Conj/Fire      27%        3d12      2%          5
f - Mephitic Cloud        Conj/Pois/Air  32%        N/A       4%          3
g - Iskenderun's Mystic   Conj/Tloc      31%        2d8       19%         4
h - Arcjolt               Conj/Air       18%        1d28      24%         5
i - Hailstorm             Conj/Ice       36%        3d9       2%          3
j - Ozocubu's Armour      Ice            24%        N/A       13%         3

Your spell library contained the following spells:

 Spells                   Type           Power      Damage    Failure   Level
 Searing Ray              Conj           96%        2d7       1%          2
 Sticky Flame             Conj/Fire      54%        2d7       1%          4
 Momentum Strike          Conj/Tloc      62%        3d9       2%          2
 Volatile Blastmotes      Fire/Tloc      74%        2d16      2%          3
 Poisonous Vapours        Pois/Air       48%        N/A       6%          2
 Sting                    Tmut/Pois      68%        1d6       10%         1
 Olgreb's Toxic Radiance  Pois           21%        N/A       52%         4
 Metabolic Englaciation   Hex/Ice        12%        N/A       78%         5
 Lehudib's Crystal Spear  Conj/Erth      15%        10d5      100%        8
 Fire Storm               Conj/Fire      27%        8d7       100%        9


Dungeon Overview and Level Annotations

Branches:
Dungeon (1/1)

Altars:
Cheibriados
Dithmenos
Elyvilon
Fedhas
Gozag
Hepliaklqana
Kikubaaqudgha
Makhleb
Nemelex Xobeh
Okawaru
Qazlal
Ru
Sif Muna
Trog
Uskayaw
Vehumet
Wu Jian
Xom
Yredelemnul
Zin
The Shining One
Jiyva
Lugonu

Shops:
D *[(*(=[*[*([?[[*=!:[*


Innate Abilities, Weirdness & Mutations

You cannot wear most types of armour.
You are amphibious.
You can wear up to eight rings at the same time.
Your skin changes colour to match your surroundings (Stealth+).
Your rubbery body absorbs attacks. (AC +1, EV +1)
((You are camouflaged when in or above water. (Stealth+)))
You have tentacles for arms and can constrict up to eight enemies at once.
You are very frail. (-20% HP)
You are vulnerable to cold. (rC-)
Your spells are a little easier to cast, but a little less powerful.
You occasionally lose the ability to drink potions when taking damage.


Message History

The demonic crawler hits you but does no damage.
The demonic crawler hits you. The demonic crawler hits you!
The demonic crawler hits you but does no damage.
Unknown command.
Unknown command.
Unknown command.
Casting: Iskenderun's Mystic Blast (quite dangerous; 19% risk of failure)
Confirm with . or Enter, or press ? or * to list all spells.
The spell is quite dangerous to miscast (19% risk of failure)!
Continue anyway?
You miscast Iskenderun's Mystic Blast.
You are lightly contaminated with residual magic.
The air around you crackles with energy.
You are magically locked in place.
The demonic crawler barely misses you. The demonic crawler hits you.
The demonic crawler hits you but does no damage. x2
You block the demonic crawler's attack.
The demonic crawler hits you but does no damage.
You block the demonic crawler's attack.
The demonic crawler hits you but does no damage. x2
Casting: Iskenderun's Mystic Blast (quite dangerous; 19% risk of failure)
Confirm with . or Enter, or press ? or * to list all spells.
The spell is quite dangerous to miscast (19% risk of failure)!
Continue anyway?
You erupt in a blast of force!
The mystic blast hits the demonic crawler.
The demonic crawler is lightly wounded.
The demonic crawler is knocked back by the mystic blast.
The mystic blast hits the demonic crawler.
The demonic crawler is lightly wounded.
The demonic crawler is knocked back by the mystic blast.
The mystic blast hits the demonic crawler.
The demonic crawler is lightly wounded.
The demonic crawler is knocked back by the mystic blast.
The mystic blast hits the demonic crawler but does no damage.
The demonic crawler is moderately wounded.
You start to feel less resistant.
The demonic crawler hits you!
You feel threatened and lose the ability to drink potions!
* * * LOW HITPOINT WARNING * * *
The demonic crawler hits you!
You die...

##################
.#..'..#__#..'s)s#
.[..#..'..'..#...##+#
'#####'#__####..@s.s#
.#...#)####§§#####..+
##..##.#§§§§.#§.# ##
_##'#_.§§~§§)§§.#
..'..._#§§§§.#§.#
_##_.#'##§#####'###
_###'#.#.§§.###.'.#
####.####'###.###.#
..'..['.....'.∩##.#


You could see 4 demonic crawlers.

Vanquished Creatures
  2 centaur warriors (D)
  Sonja (D)
  A deep troll (D)
  8 shining eyes (D)
  An oklob plant (D)
  2 unseen horrors (D)
  2 kobold demonologists (D)
  A hornet (D)
  Sigmund (D)
  A slime creature (D)
  A yak (D)
  2 redbacks (D)
  6 floating eyes (D)
  An ogre (D)
  7 necrophages (D)
  8 jellies (D)
  Ijyb (D)
  A ballistomycete spore (D)
47 creatures vanquished.

Vanquished Creatures (others)
  A gargoyle (D)
  A ballistomycete spore (D)
  87 foxfires (D)
89 creatures vanquished.

Grand Total: 136 creatures vanquished

Notes
Turn   | Place    | Note
-------+----------+-------------------------------------------
     0 | D        | Conn the Octopode Fire Elementalist began the quest for the
                  | Orb.
     0 | D        | Reached XP level 1. HP: 11/11 MP: 3/3
     3 | D        | Noticed Ijyb
    10 | D        | Killed Ijyb
    11 | D        | Reached skill level 3 in Spellcasting
    11 | D        | Reached XP level 2. HP: 17/17 MP: 0/6
    11 | D        | Reached XP level 3. HP: 21/21 MP: 0/7
    72 | D        | Noticed an ogre
    77 | D        | Killed an ogre
    78 | D        | Reached skill level 1 in Short Blades
    78 | D        | Reached skill level 4 in Spellcasting
    78 | D        | Reached XP level 4. HP: 27/27 MP: 7/10
   108 | D        | Learned a level 2 spell: Scorch
   112 | D        | Learned a level 3 spell: Inner Flame
   117 | D        | Learned a level 4 spell: Flame Wave
   117 | D        | Noticed Sigmund
   122 | D        | Killed Sigmund
   123 | D        | Reached skill level 5 in Stealth
   123 | D        | Reached skill level 5 in Spellcasting
   123 | D        | Reached skill level 5 in Conjurations
   123 | D        | Reached skill level 1 in Evocations
   123 | D        | Reached XP level 5. HP: 31/31 MP: 4/13
   123 | D        | Reached XP level 6. HP: 36/36 MP: 4/14
   203 | D        | Found an ornate altar of the Wu Jian Council.
   203 | D        | Found a shimmering blue altar of Sif Muna.
   205 | D        | Found a radiant altar of Vehumet.
   208 | D        | Reached skill level 6 in Spellcasting
   215 | D        | Became a worshipper of Sif Muna the Loreminder
   241 | D        | Found Heisipye's Assorted Antiques.
   241 | D        | Found an ancient bone altar of Kikubaaqudgha.
   241 | D        | Found a hazy altar of Hepliaklqana.
   241 | D        | Found a stormy altar of Qazlal.
   241 | D        | Found a hide-covered altar of Uskayaw.
   241 | D        | Found a blossoming altar of Fedhas.
   241 | D        | Found a bloodstained altar of Trog.
   241 | D        | Found an iron altar of Okawaru.
   241 | D        | Found a basalt altar of Yredelemnul.
   241 | D        | Found a glowing golden altar of the Shining One.
   241 | D        | Found a snail-covered altar of Cheibriados.
   241 | D        | Found a sacrificial altar of Ru.
   241 | D        | Found a glowing silver altar of Zin.
   241 | D        | Found a shadowy altar of Dithmenos.
   241 | D        | Found a white marble altar of Elyvilon.
   241 | D        | Noticed a yak
   246 | D        | Killed a yak
   247 | D        | Reached skill level 7 in Spellcasting
   247 | D        | Reached XP level 7. HP: 18/41 MP: 5/17
   247 | D        | Found an opulent altar of Gozag.
   248 | D        | Found a sparkling altar of Nemelex Xobeh.
   254 | D        | Bought a shimmering dagger for 154 gold pieces
   254 | D        | Identified the +6 dagger of the Divine God {antimagic, rC++
                  | Int-3} (You bought it in a shop in the Dungeon)
   343 | D        | Noticed Sonja
   348 | D        | Killed Sonja
   349 | D        | Reached skill level 9 in Spellcasting
   349 | D        | Reached skill level 10 in Fire Magic
   349 | D        | Reached XP level 8. HP: 46/46 MP: 6/21
   450 | D        | Found Gimoisch's General Store.
   458 | D        | Bought a potion of lignification for 30 gold pieces
   480 | D        | Bought an ichor-stained morningstar for 198 gold pieces
   480 | D        | Identified the +3 morningstar of Sloth {freeze, Fly Will+
                  | Stlth-} (You bought it in a shop in the Dungeon)
   494 | D        | Noticed a deep troll
   503 | D        | Killed a deep troll
   503 | D        | Reached * piety under Sif Muna
   504 | D        | Reached skill level 10 in Spellcasting
   517 | D        | Found Osoaffec's Armour Emporium.
   571 | D        | Found a burning altar of Makhleb.
   571 | D        | Found a viscous altar of Jiyva.
   571 | D        | Found a shimmering altar of Xom.
   571 | D        | Found a corrupted altar of Lugonu.
   571 | D        | Noticed a slime creature
   583 | D        | Killed a slime creature
   584 | D        | Reached XP level 9. HP: 51/51 MP: 14/23
   646 | D        | Noticed a kobold demonologist
   648 | D        | Noticed a kobold demonologist
   649 | D        | Killed a kobold demonologist
   649 | D        | Reached ** piety under Sif Muna
   649 | D        | Killed a kobold demonologist
   650 | D        | Reached skill level 1 in Throwing
   650 | D        | Reached skill level 12 in Spellcasting
   714 | D        | Noticed a centaur warrior
   718 | D        | Noticed a centaur warrior
   725 | D        | Killed a centaur warrior
   726 | D        | Reached skill level 13 in Spellcasting
   775 | D        | Noticed a hornet
   779 | D        | Killed a hornet
   855 | D        | Noticed an oklob plant
   902 | D        | Killed a centaur warrior
   902 | D        | Reached *** piety under Sif Muna
   903 | D        | Reached XP level 10. HP: 35/56 MP: 27/27
  1222 | D        | Killed a gargoyle
  1449 | D        | Killed an oklob plant
  1450 | D        | Reached skill level 5 in Dodging
  1450 | D        | Reached skill level 14 in Spellcasting
  1450 | D        | Reached skill level 1 in Hexes
  1800 | D        | Reached **** piety under Sif Muna
  1811 | D        | Reached ***** piety under Sif Muna
  1811 | D        | Received a gift from Sif Muna
  1952 | D        | Got Sif Muna's Papyrus of Arcane Combat {god gift}
  1962 | D        | Learned a level 5 spell: Fireball
  1966 | D        | Learned a level 3 spell: Mephitic Cloud
  1971 | D        | Learned a level 4 spell: Iskenderun's Mystic Blast
  1985 | D        | Killed an unseen horror
  1986 | D        | Reached skill level 1 in Air Magic
  1986 | D        | Reached skill level 1 in Poison Magic
  1988 | D        | Killed an unseen horror
  2134 | D        | Found the +5 Storm Queen's Shield {shock, Fly rElec}
  2141 | D        | Reached skill level 1 in Fighting
  2285 | D        | Found Zavys's General Store.
  2285 | D        | Found Plog's Antique Armour Shop.
  2285 | D        | Found Ciocs's Antique Armour Boutique.
  2287 | D        | Found Jobbuihy's Assorted Antiques.
  2287 | D        | Found Aqurgh's Weapon Shop.
  2287 | D        | Found Enafuth's Antique Armour Shoppe.
  2287 | D        | Found Nautev's Magic Scroll Boutique.
  2287 | D        | Found Esmetuv's Armour Emporium.
  2287 | D        | Found Ujomosch's Armour Shop.
  2287 | D        | Found Jejeruej's Assorted Antiques.
  2291 | D        | Found Sainongyla's Jewellery Boutique.
  2292 | D        | Found Putes's Book Emporium.
  2292 | D        | Found Deshreq's Distillery.
  2293 | D        | Found Peufios's Assorted Antiques.
  2302 | D        | Bought a scorched spear for 240 gold pieces
  2302 | D        | Identified the +6 spear "Fauck" {freeze, rN++} (You bought
                  | it in a shop in the Dungeon)
  2302 | D        | Bought a dented fluorescent amulet for 150 gold pieces
  2397 | D        | Learned a level 5 spell: Arcjolt
  2422 | D        | Received a gift from Sif Muna
  2423 | D        | Reached skill level 1 in Shields
  2423 | D        | Got Sif Muna's Folio of the Torrid Wendigo {god gift}
  2430 | D        | Learned a level 3 spell: Hailstorm
  2434 | D        | Learned a level 3 spell: Ozocubu's Armour
  2435 | D        | Noticed a shining eye
  2435 | D        | Noticed a shining eye
  2435 | D        | Noticed a shining eye
  2440 | D        | Gained mutation: You are frail. (-10% HP) [a shining eye]
  2440 | D        | Noticed a shining eye
  2443 | D        | Killed a shining eye
  2444 | D        | Reached skill level 15 in Spellcasting
  2444 | D        | Reached skill level 10 in Conjurations
  2444 | D        | Reached skill level 1 in Ice Magic
  2446 | D        | Killed a shining eye
  2447 | D        | Reached XP level 11. HP: 56/56 MP: 5/30
  2447 | D        | Gained mutation: You are very frail. (-20% HP) [a shining
                  | eye]
  2451 | D        | Killed a shining eye
  2590 | D        | Paralysed by a floating eye for 2 turns
  2597 | D        | Paralysed by a floating eye for 2 turns
  2600 | D        | Killed a shining eye
  2644 | D        | Noticed a shining eye
  2651 | D        | Killed a shining eye
  2652 | D        | Reached skill level 1 in Invocations
  2693 | D        | Noticed a shining eye
  2712 | D        | Killed a shining eye
  2865 | D        | Noticed a shining eye
  2865 | D        | Noticed a shining eye
  2865 | D        | Gained mutation: Your spells are a little easier to cast,
                  | but a little less powerful. [a shining eye]
  2865 | D        | Gained mutation: You are extremely frail. (-30% HP) [a
                  | shining eye]
  2884 | D        | Killed a shining eye
  2884 | D        | Received a gift from Sif Muna
  2885 | D        | Got Bampiume's Omnibus of the Combative Rocks {god gift}
  2985 | D        | Lost mutation: You are extremely frail. (-30% HP) [a
                  | shining eye]
  2987 | D        | Gained mutation: You are vulnerable to cold. (rC-) [a
                  | shining eye]
  2988 | D        | Gained mutation: You occasionally lose the ability to drink
                  | potions when taking damage. [a shining eye]
  2990 | D        | Killed a shining eye
  3003 | D        | Found Quru's Antique Armour Shoppe.
  3003 | D        | Found Enegiy's Antique Weapon Shop.
  3003 | D        | Found Vesoipul's Weapon Emporium.
  3003 | D        | Found Goher's Jewellery Boutique.
  3028 | D        | Bought a runed hat for 182 gold pieces
  3158 | D        | Bought a blue potion for 27 gold pieces
  3162 | D        | Bought a bubbling black potion for 24 gold pieces
  3217 | D        | Mangled by a demonic crawler

Illustrated notes

Levels and vault maps discovered:
D:        dungeon_sprint_1 [red_sonja_temple_1, red_sonja_temple_small_1]

Skill      XL: |  1  2  3  4  5  6  7  8  9 10 11 |
---------------+----------------------------------+-----
Stealth        | 3 4 5 6 7 8 |  8.8
Spellcasting   | 3 4 5 7 9 10 13 15 | 15.8
Conjurations   | 2 3 5 6 7 8 9 10 | 10.5
Fire Magic     | 4 6 8 9 10 11 12 13 14 | 14.5
Short Blades   | 1 2 3 |  3.4
Dodging        | 3 4 5 |  5.4
Evocations     | 1 2 |  2.4
Throwing       | 1 2 |  2.0
Hexes          | 2 3 |  3.1
Air Magic      | 3 |  3.9
Poison Magic   | 2 |  2.4
Fighting       | 1 |  1.6
Shields        | 2 4 |  4.7
Ice Magic      | 2 3 |  3.3
Invocations    | 2 |  2.9

Action                     |  1- 3 |  4- 6 |  7- 9 | 10-12 || total
---------------------------+-------+-------+-------+-------++-------
  Melee: Unarmed           |     5 |       |       |       ||     5
         Tentacles         |     3 |       |     1 |       ||     4
         Constrict         |     1 |       |       |       ||     1
         Dagger            |     3 |       |     5 |     1 ||     9
         Spear             |       |       |       |     1 ||     1
  Throw: Dart              |       |       |     6 |       ||     6
   Cast: Foxfire           |     3 |     2 |    15 |    45 ||    65
         Scorch            |       |     6 |    14 |    28 ||    48
         Flame Wave        |       |     1 |     1 |    12 ||    14
         Inner Flame       |       |       |     2 |    20 ||    22
         Mephitic Cloud    |       |       |       |     1 ||     1
         Iskenderun's Myst |       |       |       |     5 ||     5
         Ozocubu's Armour  |       |       |       |     1 ||     1
  Evoke: Wand              |     2 |       |       |       ||     2
    Use: Potion            |     1 |       |     1 |     5 ||     7
         Scroll            |       |       |     1 |     1 ||     2
   Stab: Paralysed         |     3 |       |       |       ||     3
         Sleeping          |       |       |       |     1 ||     1
 Armour: Skin              |       |       |     1 |    15 ||    16
  Dodge: Dodged            |     2 |     2 |     4 |     3 ||    11
  Block: Buckler           |       |       |     1 |     2 ||     3
         Kite shield       |       |       |       |     9 ||     9

Table legend: (Time is in decaauts)
 A = Elapsed time spent in this place.
 B = Non-inter-level travel time spent in this place.
 C = Inter-level travel time spent in this place.
 D = Time resting spent in this place.
 E = Time spent auto-exploring this place.
 F = Levels seen in this place.
 G = Mean time per level.
                   A        B        C        D        E       F      G
               +--------+--------+--------+--------+--------+-----+--------+
         Total |   3227 |   3225 |      2 |   2064 |      0 |   1 | 3227.0 |
       Dungeon |   3227 |   3225 |      2 |   2064 |      0 |   1 | 3227.0 |
               +--------+--------+--------+--------+--------+-----+--------+

Top non-repeatable levels by time:
       D: 3227 daAuts
